 Dungeon Crawl Stone Soup version 0.20-b1-18-gaa2fd62 (webtiles) character file.

1393 Stendarr the Destroyer (level 8, -1/42 HPs)
             Began as a Tengu Air Elementalist on May 25, 2017.
             Was a Follower of Okawaru.
             Slain by a two-headed ogre
             ... wielding a +0 giant spiked club
              (26 damage)
             ... on level 6 of the Dungeon.
             The game lasted 00:24:00 (6834 turns).

Stendarr the Destroyer (Tengu Air Elementalist)     Turns: 6834, Time: 00:24:00

Health: -1/42      AC:  3    Str: 12    XL:     8   Next: 68%
Magic:  15/18      EV: 15    Int: 15    God:    Okawaru [*.....]
Gold:   338        SH:  0    Dex: 14    Spells: 4/19 levels left

rFire    . . .     SeeInvis .   t - staff of wizardry
rCold    . . .     Gourm    .   (no shield)
rNeg     . . .     Faith    .   a - +1 robe
rPois    .         Spirit   .   (helmet restricted)
rElec    .         Reflect  .   (no cloak)
rCorr    +         Harm     .   (no gloves)
MR       .....                  (boots unavailable)
Stlth    ++........             u - amulet of regeneration
Regen    0.6/turn               g - ring of resist corrosion
MPRegen  0.2/turn               o - ring of flight

@: flying quickly and evasively, quick
A: beak, talons 3, able to fly 1
a: Heroism, Renounce Religion


You were on level 6 of the Dungeon.
You worshipped Okawaru.
Okawaru was aware of your devotion.
You were hungry.

You visited 2 branches of the dungeon, and saw 7 of its levels.

You collected 338 gold pieces.

Inventory:

Hand Weapons
 r - a +0 trident
 B - the +4 Vampire's Tooth {vamp}
   (You found it on level 5 of the Dungeon)

   It inflicts no extra harm, but heals its wielder when it wounds a living foe.
Armour
 a - a +1 robe (worn)
Magical Staves
 t - an uncursed staff of wizardry (weapon)
Jewellery
 g - a ring of resist corrosion (left hand)
 o - a ring of flight (right hand)
 u - an amulet of regeneration (around neck)
Wands
 x - a wand of iceblast (1/15)
Scrolls
 l - 2 scrolls of amnesia
 m - 3 scrolls of identify
 s - 2 scrolls of teleportation
 w - a scroll of recharging
 A - 2 scrolls of fear
Potions
 e - 2 potions of mutation {unknown}
 f - 2 potions of haste {unknown}
 h - 2 potions of heal wounds
 i - a potion of agility {unknown}
 k - a potion of degeneration {unknown}
 n - 3 potions of might {unknown}
 p - a potion of ambrosia {unknown}
 q - a potion of brilliance {unknown}
 v - 2 potions of curing {unknown}
Books
 b - a book of Air

   Spells                             Type                      Level
   a - Shock                          Conjuration/Air              1
   b - Swiftness                      Charms/Air                   2
   c - Static Discharge               Conjuration/Air              3
   d - Airstrike                      Air                          4
   e - Lightning Bolt                 Conjuration/Air              5
 y - a book of Changes

   Spells                             Type                      Level
   a - Beastly Appendage              Transmutation                1
   b - Sticks to Snakes               Transmutation                2
   c - Spider Form                    Transmutation/Poison         3
   d - Ice Form                       Ice/Transmutation            4
   e - Blade Hands                    Transmutation                5
Comestibles
 c - 6 royal jellies
 d - 5 fruits
 j - a meat ration
 z - 2 bread rations


   Skills:
 + Level 0.6 Fighting
 + Level 0.7 Armour
 * Level 2.5 Dodging
 - Level 2.0 Stealth
 - Level 6.0 Spellcasting
 - Level 8.7 Conjurations
 + Level 7.2 Air Magic


You had 4 spell levels left.
You knew the following spells:

 Your Spells              Type           Power        Failure   Level  Hunger
a - Shock                 Conj/Air       ####         1%          1    None
b - Static Discharge      Conj/Air       ####....     1%          3    ##.....
c - Airstrike             Air            ####......   3%          4    ####...
d - Swiftness             Chrm/Air       ###.....     1%          2    #......
e - Lightning Bolt        Conj/Air       ####......   6%          5    ######.


Dungeon Overview and Level Annotations

Branches:
Dungeon (6/15)             Temple (1/1) D:4

Altars:
Ashenzari
Cheibriados
Dithmenos
Elyvilon
Fedhas
Gozag
Hepliaklqana
Kikubaaqudgha
Makhleb
Nemelex Xobeh
Okawaru
Qazlal
Ru
Trog
Vehumet
Xom
Yredelemnul
The Shining One

Shops:
D:6 ?

Annotations:
D:3 Gorglomux's ghost, amateur MiBe


Innate Abilities, Weirdness & Mutations

You have a beak for a mouth.
You have claws for feet.
You can fly.


Message History

Casting: Shock
Confirm with . or Enter, or press ? or * to list all spells.
Okay, then.
Memorise Lightning Bolt, consuming 5 spell levels and leaving 4?
You start memorising the spell.
You continue memorising. x5
You finish memorising.
Spell assigned to 'e'.
You see here a giant spiked club.
There is a stone staircase leading down here.
There is a stone staircase leading up here.
You are feeling hungry.
The two-headed ogre hits you with a giant spiked club! x2
You see here 23 stones.
You see here 23 stones.
All of the chunks of flesh in your inventory have rotted away.
You swoop lightly up into the air.
You feel very comfortable in the air.
You feel somewhat more hungry.
The two-headed ogre hits you with a giant spiked club!
The two-headed ogre hits you with a giant spiked club!!
Ouch! That really hurt!
You die...

############ #..........#####
##### #.###..........#
#...##########.###.####.###.#
#...........O@..##.# #.###.##
####.........####.###.#
#.##...# ......######.#
#####.## #.#.###. ####.##
###.#######...###...# #. #.#
#.........(.>.......###. #.#
###########.[.###......#
####.# ##...## ##.#.........#
.....# #.....# #............
###### #.....# ###.........#


You could see a two-headed ogre.

Vanquished Creatures
  An ice beast (D:6)
  A phantom (D:4)
  An orc warrior (D:6)
  2 ogres
  2 centaurs
  A crocodile (D:6)
  A bullfrog (D:6)
  2 scorpions
  2 vampire bats (D:5)
  A crimson imp (D:6)
  A jelly (D:5)
  4 orc priests
  An iguana (D:4)
  2 worker ants
  A howler monkey zombie (D:5)
  3 gnolls (D:2)
  10 adders
  A shadow imp (D:5)
  An adder skeleton (D:6)
  3 worms (D:6)
  A dart slug (D:1)
  4 leopard geckos
  11 orcs
  4 giant cockroaches
  4 goblins
  3 hobgoblins
  8 jackals
  2 kobolds
  4 ball pythons
  9 bats
  8 frilled lizards
  A jackal skeleton (D:4)
  A leopard gecko skeleton (D:4)
  A quokka skeleton (D:4)
  9 rats
111 creatures vanquished.

Vanquished Creatures (others)
  A worm (D:6)
  A quokka (D:6)
2 creatures vanquished.

Grand Total: 113 creatures vanquished

Notes
Turn   | Place    | Note
-------+----------+-------------------------------------------
     0 | D:1      | Stendarr the Tengu Air Elementalist began the quest for the Orb.
     0 | D:1      | Reached XP level 1. HP: 10/10 MP: 4/4
   260 | D:1      | Reached skill level 2 in Conjurations
   260 | D:1      | Reached XP level 2. HP: 15/15 MP: 1/6
   960 | D:2      | Reached XP level 3. HP: 19/19 MP: 4/8
  1054 | D:2      | Found a burning altar of Makhleb.
  1584 | D:2      | Found a blossoming altar of Fedhas.
  1584 | D:2      | Found a snail-covered altar of Cheibriados.
  1584 | D:2      | Found an ancient bone altar of Kikubaaqudgha.
  1585 | D:2      | Found an opulent altar of Gozag.
  1776 | D:2      | Reached skill level 3 in Conjurations
  1789 | D:2      | Reached XP level 4. HP: 24/24 MP: 2/9
  2136 | D:3      | Learned a level 3 spell: Static Discharge
  2141 | D:3      | Learned a level 4 spell: Airstrike
  2173 | D:3      | Reached skill level 4 in Conjurations
  2173 | D:3      | Gained mutation: You can fly. [Tengu growth]
  2173 | D:3      | Reached XP level 5. HP: 4/28 MP: 3/11
  2581 | D:3      | Noticed Gorglomux's ghost (amateur MiBe)
  2585 | D:3      | Learned a level 2 spell: Swiftness
  2669 | D:4      | Noticed a phantom
  2712 | D:4      | Killed a phantom
  2712 | D:4      | Reached skill level 5 in Conjurations
  2712 | D:4      | Reached XP level 6. HP: 12/32 MP: 0/13
  2965 | D:4      | Reached skill level 5 in Air Magic
  3311 | D:4      | Reached XP level 7. HP: 36/36 MP: 8/14
  3561 | D:4      | Reached skill level 6 in Conjurations
  3593 | D:4      | Found a staircase to the Ecumenical Temple.
  3679 | Temple   | Entered the Ecumenical Temple
  3853 | Temple   | Became a worshipper of Warmaster Okawaru
  3935 | D:4      | Found a bloodstained altar of Trog.
  4024 | D:5      | Entered Level 5 of the Dungeon
  4202 | D:5      | Found a white marble altar of Elyvilon.
  4596 | D:5      | Reached skill level 5 in Spellcasting
  4813 | D:5      | Reached skill level 7 in Conjurations
  5204 | D:6      | Found Zamp's Magic Scroll Shop.
  5251 | D:6      | Found a shadowy altar of Dithmenos.
  5272 | D:6      | Reached XP level 8. HP: 40/41 MP: 2/17
  5388 | D:6      | Noticed a two-headed ogre
  5433 | D:6      | Reached * piety under Okawaru
  5813 | D:6      | Reached skill level 8 in Conjurations
  6349 | D:6      | HP: 1/41 [two-headed ogre/giant spiked club (24)]
  6671 | D:6      | Learned a level 5 spell: Lightning Bolt
  6834 | D:6      | Slain by a two-headed ogre

Skill      XL: |  1  2  3  4  5  6  7  8 |
---------------+-------------------------+-----
Conjurations   | 2 3 4 5 7 8 |  8.7
Spellcasting   | 3 4 5 6 |  6.0
Air Magic      | 5 6 7 |  7.2
Fighting       | |  0.6
Armour         | |  0.7
Dodging        | |  2.5
Stealth        | |  2.0

Action                   |  1- 3 |  4- 6 |  7- 9 || total
-------------------------+-------+-------+-------++-------
Melee: Whip              |    12 |     1 |       ||    13
       Kick              |     2 |       |     1 ||     3
       Peck              |     1 |       |       ||     1
       Staff             |       |       |     2 ||     2
 Cast: Shock             |    60 |    73 |   151 ||   284
       Airstrike         |       |     3 |     2 ||     5
       Swiftness         |       |     1 |     1 ||     2
       Static Discharge  |       |       |    11 ||    11
 Abil: Fly               |       |       |     2 ||     2
  Use: Potion            |       |     1 |     2 ||     3
       Scroll            |       |     4 |     3 ||     7
 Stab: Sleeping          |     1 |       |       ||     1
  Eat: Chunk             |     3 |     6 |    10 ||    19
       Bread ration      |     1 |       |       ||     1
       Fruit             |       |       |     1 ||     1
Armor: Robe              |     3 |     1 |     9 ||    13
Dodge: Dodged            |     5 |    13 |    27 ||    45
